[Event "GER-ch Youth-U12 2022"]
[Site "Willingen"]
[Date "2022.06.08"]
[Round "5.8"]
[White "Neuhoff, Laertes"]
[Black "Uyar, Levin"]
[Result "1-0"]
[ECO "E01"]
[WhiteElo "1990"]
[BlackElo "1306"]
[Annotator "TA"]
[PlyCount "83"]
[EventDate "2022.06.05"]
[EventType "swiss"]
[EventRounds "9"]
[EventCountry "GER"]
[SourceTitle "playchess.com"]
[Source "ChessBase"]
[SourceQuality "1"]
[TimeControl "40/4500+30:900+30"]

1. d4 Nf6 2. c4 e6 3. g3 d5 4. Bg2 c6 5. Nf3 Bd6 6. O-O Nbd7 7. Nc3 O-O 8. Nd2 Re8 {[%emt 0:00:00] The main line 8...Re8 scores better than 8...Bc7.} 9. e4 {[%emt 0:06:46] E01: Catalan: Early deviations.} dxe4 10. Ndxe4 Bc7 11. b3 {[%emt 0:03:55] White is better.} h6 12. Bb2 Nxe4 13. Nxe4 {[%emt 0:00:50] [#]} e5 $146 (13... f5 $14) ({Predecessor:} 13... Nf6 14. f4 Nxe4 15. Bxe4 Qe7 16. Qh5 Bb6 17. Rae1 Qf6 18. c5 Bd8 19. Rf2 Qe7 {1-0 (44) Kirk,E (2408)-Alizada,E England 2018}) 14. d5 $16 {[%emt 0:05:38] White is more active.} cxd5 15. cxd5 Nf6 (15... Nf8 $16 16. Rc1 Bf5) 16. d6 $18 Nxe4 (16... Bb6 $142 17. Nxf6+ gxf6) 17. dxc7 Qxd1 18. Raxd1 Nc5 19. Rd8 Bd7 20. Rxa8 Rxa8 21. Ba3 {[%emt 0:00:30] This bishop pair is nice.} Ne6 22. Bxb7 Nxc7 23. Bxa8 Nxa8 {[%emt 0:00:06][%mdl 4096] Endgame KRB-KBN} 24. Rd1 Nb6 25. Bc5 Bf5 26. Bxb6 axb6 {[%emt 0:00:03] KR-KB} 27. Rd6 b5 28. Rd5 b4 29. Rxe5 Bb1 30. Rb5 Bxa2 31. Rxb4 {[%emt 0:00:07] [#] Black must now prevent Rb8+.} Kf8 32. Rb7 Bb1 33. Rc7 {[%emt 0:00:10] Threatens to win with b4.} Bd3 34. b4 {[%emt 0:00:03][%cal Bb3b4,Bb4b5,Bb5b6][%mdl 32] aiming for f4.} Ke8 35. f4 {[%emt 0:00:18] [#] Strongly threatening Kf2.} Bg6 36. Kf2 Kd8 37. Rc1 Be4 38. b5 Kd7 39. b6 Bc6 40. Ke3 {[%emt 0:00:05] White wants to mate with Kd4.} g6 41. Kd4 f6 42. Kc5 {[%emt 0:00:10] Black got outplayed after the opening.  Weighted Error Value: White=0.06 (flawless) /Black=0.88} 1-0

[Event "GER-ch Youth-U12 2022"]
[Site "Willingen"]
[Date "2022.06.08"]
[Round "5.9"]
[White "Zhuikov, Edgard"]
[Black "Sydykov Bayastan"]
[Result "1/2-1/2"]
[ECO "C07"]
[WhiteElo "1892"]
[BlackElo "1477"]
[Annotator "NA RC COMBH"]
[PlyCount "135"]
[EventDate "2022.06.05"]
[EventType "swiss"]
[EventRounds "9"]
[EventCountry "GER"]
[SourceTitle "playchess.com"]
[Source "ChessBase"]
[SourceQuality "1"]
[TimeControl "40/4500+30:900+30"]

1. e4 e6 2. d4 d5 3. Nd2 c5 4. exd5 Qxd5 5. Ngf3 cxd4 6. Bc4 Qd6 7. O-O Nf6 8. Nb3 Nc6 9. Nbxd4 Nxd4 10. Nxd4 a6 11. Re1 Be7 12. Bf1 O-O 13. c3 Rd8 14. Qf3 Nd5 15. Bd3 Bf6 16. Qe4 g6 17. Bh6 e5 18. f4 Nxf4 19. Bc2 Ne6 20. Nxe6 Bxe6 21. Rf1 Bd5 22. Qe3 Bg7 23. Bg5 Rdc8 24. Rad1 Rc5 25. b4 Rc4 26. Bb3 Qe6 27. Bxc4 Bxc4 28. Rf2 e4 29. Rfd2 Bd3 30. Rxd3 exd3 31. Qxe6 fxe6 32. Rxd3 b5 33. Bd2 Bf6 34. Rd6 Rd8 35. Rxe6 Kf7 36. Re2 Rd3 37. Kf2 Bxc3 38. Bxc3 Rxc3 39. g3 g5 40. Kg2 h5 ({Black should try} 40... Kf6 $15) 41. Rf2+ Ke6 42. h3 Ke5 43. Re2+ Kd4 44. Rf2 Ke4 $17 45. Re2+ Kd3 46. Re5 g4 47. Rxh5 Rc2+ 48. Kf1 gxh3 49. Rxh3 Rxa2 50. g4+ Ke4 51. g5 Kf5 52. Rg3 Kf4 53. Rh3 Kxg5 54. Rf3 Rb2 55. Ra3 Kf4 56. Ke1 Ke4 57. Kd1 Kd4 58. Kc1 Rxb4 59. Rxa6 Kc3 60. Rc6+ Rc4 61. Rh6 Kb3+ 62. Kb1 b4 63. Rh1 Rc3 64. Rg1 Rf3 65. Rh1 Ka3 66. Rg1 Rf2 67. Rh1 Rb2+ 68. Ka1 1/2-1/2

[Event "GER-ch Youth-U12 2022"]
[Site "Willingen"]
[Date "2022.06.08"]
[Round "5.10"]
[White "Skembris, Simon Max"]
[Black "Malinowsky, Levi"]
[Result "1/2-1/2"]
[ECO "B90"]
[WhiteElo "1413"]
[BlackElo "1816"]
[Annotator "NA RC COMBH"]
[PlyCount "96"]
[EventDate "2022.06.05"]
[EventType "swiss"]
[EventRounds "9"]
[EventCountry "GER"]
[SourceTitle "playchess.com"]
[Source "ChessBase"]
[SourceQuality "1"]
[TimeControl "40/4500+30:900+30"]

1. e4 c5 2. Nf3 d6 3. d4 cxd4 4. Nxd4 Nf6 5. Nc3 a6 6. Be3 e5 7. Nb3 Be6 8. h3 Be7 9. f4 exf4 10. Bxf4 Nc6 11. Qd2 Rc8 12. O-O-O Nb4 (12... Nh5 $1 $11 13. g3 (13. Bxd6 $2 Bg5 $19) 13... g5 14. Bxd6 Bxd6 15. Qxd6 Qxd6 16. Rxd6 Nxg3) 13. Kb1 Qb6 14. Bxd6 Rd8 15. e5 Bxd6 16. exd6 Nbd5 17. Nxd5 Nxd5 18. Be2 $2 (18. c4 $18 Nf6 19. c5) 18... O-O (18... Rxd6 $14 19. g4 Rd7) 19. Bg4 (19. c4 $18) 19... Ne3 20. Qd4 Qxd4 21. Rxd4 Bxg4 22. hxg4 f5 23. Nc5 Rf6 24. Nxb7 Rd7 25. c4 Nxc4 26. Rxc4 Rxb7 27. Rc7 Rb8 28. d7 Rd8 29. Rc8 Rff8 30. Rhc1 Rxd7 31. gxf5 Rd5 $16 (31... Rd4 $1 $11) 32. g4 h5 33. gxh5 Rdxf5 {[%emt 0:00:11] [#]} 34. Rxf8+ (34. R1c5 $1 $18 {and White stays clearly on top.}) 34... Kxf8 35. Rh1 Rf6 36. Kc2 Rh6 {[%emt 0:00:25] [#]} 37. Kb3 $2 ({White must play} 37. Rf1+ $1 $18 Ke7 38. Rf5) 37... Ke7 (37... g5 $1 $14 {deserves consideration.}) 38. Ka4 Kd7 (38... g6 $16) 39. Ka5 Kc7 40. Rc1+ Kb7 41. Rc5 g6 42. hxg6 Rxg6 43. b4 Rh6 44. a4 Rd6 45. Rh5 Rd7 46. Rh6 Rd5+ 47. b5 axb5 48. axb5 Rd7 1/2-1/2

[Event "GER-ch Youth-U12 2022"]
[Site "Willingen"]
[Date "2022.06.08"]
[Round "5.11"]
[White "Nemitz, Alfred"]
[Black "Wylie, Leonard"]
[Result "1-0"]
[ECO "D91"]
[WhiteElo "1611"]
[BlackElo "1733"]
[Annotator "NA RC COMBH"]
[PlyCount "87"]
[EventDate "2022.06.05"]
[EventType "swiss"]
[EventRounds "9"]
[EventCountry "GER"]
[SourceTitle "playchess.com"]
[Source "ChessBase"]
[SourceQuality "1"]
[TimeControl "40/4500+30:900+30"]

1. d4 Nf6 2. c4 g6 3. Nc3 d5 4. Nf3 Bg7 5. Bg5 Ne4 6. cxd5 Nxc3 7. bxc3 Qxd5 8. e3 Bg4 9. Be2 c5 10. Qb3 Qxb3 11. axb3 Nc6 12. Rc1 cxd4 13. exd4 O-O 14. O-O Rac8 15. Rfd1 e5 16. d5 e4 17. dxc6 exf3 18. gxf3 Be6 19. cxb7 Rb8 20. Ba6 Be5 21. Be3 Bxb3 22. Rd3 Rbd8 23. Rxd8 Rxd8 24. Bxa7 Bb8 25. Bxb8 Rxb8 26. c4 Ba4 27. c5 Bc6 28. Rb1 Bxf3 29. Rb6 Kf8 30. c6 Bxc6 31. Rxc6 Ke7 32. Rc8 Rxb7 33. Bxb7 f5 34. Rc7+ Kf8 35. Rxh7 Kg8 36. Rc7 f4 37. Kg2 g5 38. Kf3 g4+ 39. Kxf4 g3 40. hxg3 Kh8 41. Kg5 Kg8 42. Kf6 Kh8 43. Be4 Kg8 44. Rc8# 1-0

[Event "GER-ch Youth-U12 2022"]
[Site "Willingen"]
[Date "2022.06.08"]
[Round "5.12"]
[White "Aniol, Nico"]
[Black "Aweh, Mads"]
[Result "1-0"]
[ECO "A07"]
[WhiteElo "1494"]
[BlackElo "1438"]
[Annotator "NA RC COMBH"]
[PlyCount "117"]
[EventDate "2022.06.05"]
[EventType "swiss"]
[EventRounds "9"]
[EventCountry "GER"]
[SourceTitle "playchess.com"]
[Source "ChessBase"]
[SourceQuality "1"]
[TimeControl "40/4500+30:900+30"]

1. Nf3 d5 2. g3 Nf6 3. Bg2 Bf5 4. O-O e6 5. d3 Bd6 6. Nbd2 O-O 7. Nh4 c6 8. Nxf5 exf5 9. Nf3 Re8 10. e3 Nbd7 11. Nd4 g6 12. Rb1 Nc5 13. b3 Ne6 14. Bb2 Nxd4 15. Bxd4 Be5 16. Bxe5 Rxe5 17. Qd2 Qe7 18. Rfe1 Re8 19. Kf1 Rd8 20. c3 Re6 21. b4 b5 22. a4 a6 23. Ra1 Qb7 24. Ra2 Ra8 25. Rea1 Ree8 26. Ra3 Ra7 27. axb5 cxb5 28. c4 bxc4 29. dxc4 Ne4 30. Bxe4 Rxe4 31. Qxd5 Qxb4 32. Ra4 Qb6 33. Kg1 Qc7 34. h4 Re5 35. Qd4 Re4 36. Qd5 Re5 37. Qd3 Rc5 38. Qd4 a5 39. h5 gxh5 40. Qh4 Qc6 41. Qxh5 Qg6 42. Qh4 Qc6 43. Qg5+ Kf8 44. Qf4 Rc7 45. Rxa5 Rxc4 46. Qxf5 Qh6 47. Qh5 Rc1+ 48. Rxc1 Rxc1+ 49. Kg2 Qc6+ 50. Qd5 Qf6 51. Qd3 Qc6+ 52. Qd5 Qf6 53. Qe4 Qb6 54. Ra8+ Kg7 55. Re8 Qh6 56. Qe5+ f6 57. Qe7+ Kg6 58. Rg8+ Kh5 59. Qf7+ 1-0

[Event "GER-ch Youth-U12 2022"]
[Site "Willingen"]
[Date "2022.06.08"]
[Round "5.13"]
[White "Gulamzada, Elmir"]
[Black "Schuricht, Emil Frederick"]
[Result "0-1"]
[ECO "B13"]
[WhiteElo "1539"]
[BlackElo "1641"]
[Annotator "NA RC COMBH"]
[PlyCount "76"]
[EventDate "2022.06.05"]
[EventType "swiss"]
[EventRounds "9"]
[EventCountry "GER"]
[SourceTitle "playchess.com"]
[Source "ChessBase"]
[SourceQuality "1"]
[TimeControl "40/4500+30:900+30"]

1. e4 c6 2. d4 d5 3. exd5 cxd5 4. Bd3 Nc6 5. c3 Nf6 6. Bf4 Bg4 7. Qb3 Qc8 8. Nd2 e6 9. Ngf3 Be7 10. h3 Bh5 11. O-O O-O 12. Rfe1 Bg6 13. Bxg6 hxg6 14. Ne5 Nxe5 15. Bxe5 Nd7 16. Bf4 Qc6 17. c4 dxc4 18. Nxc4 Qd5 19. Red1 Bf6 20. Nd6 Nb6 21. Bg3 Qc6 22. Rac1 Qd7 23. Ne4 Nd5 24. Nxf6+ gxf6 25. Rc5 f5 26. Qb5 Qxb5 27. Rxb5 f4 28. Bh2 b6 29. g3 g5 30. h4 gxh4 31. gxh4 Kg7 32. Kg2 Rh8 33. Kh3 Kf6 34. Rg1 Rh5 35. Kg4 Rah8 36. Kf3 Rxh4 37. Kg2 Rxh2+ 38. Kf3 Kf5 0-1

[Event "GER-ch Youth-U12 2022"]
[Site "Willingen"]
[Date "2022.06.08"]
[Round "5.14"]
[White "Polzin, Gustav"]
[Black "Mohammadzadeh, Daris"]
[Result "1-0"]
[ECO "B35"]
[WhiteElo "1643"]
[BlackElo "1371"]
[Annotator "NA RC COMBH"]
[PlyCount "103"]
[EventDate "2022.06.05"]
[EventType "swiss"]
[EventRounds "9"]
[EventCountry "GER"]
[SourceTitle "playchess.com"]
[Source "ChessBase"]
[SourceQuality "1"]
[TimeControl "40/4500+30:900+30"]

1. e4 c5 2. Nf3 g6 3. d4 cxd4 4. Nxd4 Bg7 5. Nc3 Nc6 6. Be3 Nf6 7. Bc4 Qa5 8. O-O O-O 9. Bb3 d6 10. f3 Bd7 11. Qd2 Rfc8 12. Rad1 Ne5 13. Bh6 Nc4 14. Bxc4 Rxc4 15. Nd5 Qd8 16. Bxg7 Kxg7 17. Nxf6 exf6 18. b3 Rc5 19. c4 Ra5 20. Ne2 Be6 21. Nc3 Qb6+ 22. Qd4 Qc5 23. Rf2 Rd8 24. Qxc5 Rxc5 25. Rfd2 Rc6 26. Nb5 a6 27. Nd4 Rb6 28. Nxe6+ fxe6 29. c5 Rc6 30. cxd6 e5 31. b4 Kf7 32. b5 axb5 33. Rd5 Ke6 34. Rxb5 b6 35. h4 Rdxd6 36. Rdd5 Kd7 37. Kh2 Kc7 38. Kh3 Rxd5 39. Rxd5 Rc2 40. g4 Rxa2 41. g5 Ra5 42. gxf6 Rxd5 43. exd5 Kd7 44. Kg4 b5 45. Kg5 b4 46. Kh6 b3 47. f7 b2 48. f8=Q b1=Q 49. Qf7+ Kd8 50. d6 Qc1+ 51. Kxh7 Qc6 52. Qc7+ 1-0

[Event "GER-ch Youth-U12 2022"]
[Site "Willingen"]
[Date "2022.06.08"]
[Round "5.15"]
[White "Kullmann, Max"]
[Black "Seth, Aakrit"]
[Result "1/2-1/2"]
[ECO "D58"]
[WhiteElo "1442"]
[BlackElo "1435"]
[Annotator "NA RC COMBH"]
[PlyCount "56"]
[EventDate "2022.06.05"]
[EventType "swiss"]
[EventRounds "9"]
[EventCountry "GER"]
[SourceTitle "playchess.com"]
[Source "ChessBase"]
[SourceQuality "1"]
[TimeControl "40/4500+30:900+30"]

1. d4 d5 2. c4 e6 3. Nc3 Nf6 4. Bg5 Be7 5. cxd5 exd5 6. e3 O-O 7. Nf3 Nbd7 8. Bd3 b6 9. O-O Bb7 10. Qc2 h6 11. Bh4 c5 12. Rac1 Rc8 13. Rfd1 Re8 14. Qe2 c4 15. Bb1 a6 16. Qc2 b5 17. Ne5 g5 18. Bg3 Rf8 19. Ng4 Kg7 20. Nxf6 Nxf6 21. Be5 Rh8 22. Qf5 Rc6 23. h3 Re6 24. e4 dxe4 25. d5 Rb6 26. Nxe4 Bc8 27. Qf3 Bb7 28. d6 Bxe4 1/2-1/2

[Event "GER-ch Youth-U12 2022"]
[Site "Willingen"]
[Date "2022.06.08"]
[Round "5.16"]
[White "Albrecht, Neil"]
[Black "Noennig, Jakob"]
[Result "1-0"]
[ECO "C54"]
[WhiteElo "1376"]
[BlackElo "1556"]
[Annotator "NA RC COMBH"]
[PlyCount "133"]
[EventDate "2022.06.05"]
[EventType "swiss"]
[EventRounds "9"]
[EventCountry "GER"]
[SourceTitle "playchess.com"]
[Source "ChessBase"]
[SourceQuality "1"]
[TimeControl "40/4500+30:900+30"]

1. e4 e5 2. Nf3 Nc6 3. Bc4 Bc5 4. c3 Nf6 5. d4 exd4 6. e5 d5 7. Bb5 Ne4 8. cxd4 Bb4+ 9. Nbd2 Bd7 10. Bxc6 Bxc6 11. O-O O-O 12. a3 Ba5 13. Qc2 Re8 14. b4 Bb6 15. a4 a6 16. Bb2 Re6 17. Rfd1 Rg6 18. b5 Nxd2 19. Qxd2 axb5 20. a5 Ba7 21. Rdc1 Qc8 22. Ra3 Bd7 23. Nh4 Rh6 24. g3 c6 25. Bc3 Bh3 26. Qe2 Qe6 27. Bd2 Bg4 28. Qd3 Rh5 29. Ng2 g5 30. h4 Bf5 31. Qf3 Bg4 32. Qc3 Bh3 33. Bxg5 Bxg2 34. Kxg2 Qg4 35. a6 b4 36. Qxb4 b5 37. Qe7 Bxd4 38. Rxc6 Qe4+ 39. Rf3 Rf8 40. Bf6 Ra8 41. Qb7 Rf8 42. Rc8 Bc5 43. Rxc5 Rf5 44. Qxd5 Qxf3+ 45. Qxf3 Rxf3 46. Kxf3 h5 47. Rxb5 Ra8 48. Ra5 Ra7 49. Bd8 Kf8 50. Bb6 Ra8 51. a7 Ke7 52. Bc7 Kd7 53. Bb8 Kc6 54. Ra4 Kb5 55. Rf4 Kc5 56. Rxf7 Kd5 57. Rh7 Ke6 58. Rxh5 Kf7 59. Kf4 Ke6 60. Rh6+ Kd5 61. e6 Kc6 62. Rh7 Kd5 63. e7 Kc5 64. e8=Q Rxb8 65. axb8=Q Kd5 66. Rd7+ Kc6 67. Qec8# 1-0

[Event "GER-ch Youth-U12 2022"]
[Site "Willingen"]
[Date "2022.06.08"]
[Round "5.17"]
[White "Mandalka, Justus"]
[Black "Radeke, Timothy"]
[Result "1-0"]
[ECO "A58"]
[WhiteElo "1402"]
[BlackElo "1129"]
[Annotator "NA RC COMBH"]
[PlyCount "95"]
[EventDate "2022.06.05"]
[EventType "swiss"]
[EventRounds "9"]
[EventCountry "GER"]
[SourceTitle "playchess.com"]
[Source "ChessBase"]
[SourceQuality "1"]
[TimeControl "40/4500+30:900+30"]

1. d4 Nf6 2. c4 c5 3. d5 b5 4. cxb5 a6 5. Nc3 axb5 6. Nxb5 Ba6 7. Nc3 g6 8. g3 d6 9. Bg2 Bg7 10. Nf3 O-O 11. O-O Nbd7 12. Qc2 Qc7 13. Re1 Rfb8 14. e4 Ng4 15. h3 Nge5 16. Nxe5 Nxe5 17. Bf4 Nd3 18. Reb1 Nxf4 19. gxf4 Bh6 20. Qd2 Rb7 21. Bf1 Bxf1 22. Kxf1 Qd7 23. Kg2 f5 24. f3 Rf8 25. Rf1 fxe4 26. fxe4 e5 27. dxe6 Qxe6 28. Rf2 Qf6 29. Qd5+ Rbf7 30. Raf1 Bg7 31. a4 Kh8 32. Nb5 Rd7 33. e5 Qf5 34. Nxd6 Qh5 35. Qe6 Rfd8 36. Nf7+ Rxf7 37. Qxf7 Qh4 38. a5 h6 39. Qxg6 c4 40. a6 Rd3 41. Qg4 Qd8 42. Qe6 Qh4 43. Rf3 Rd2+ 44. R1f2 Qd8 45. Rxd2 Qxd2+ 46. Rf2 Qe3 47. Qc8+ Kh7 48. Qb7 1-0

[Event "GER-ch Youth-U12 2022"]
[Site "Willingen"]
[Date "2022.06.08"]
[Round "5.18"]
[White "Li, Luxuan"]
[Black "Pimenov, Danil"]
[Result "0-1"]
[ECO "B31"]
[WhiteElo "1235"]
[BlackElo "1337"]
[Annotator "NA RC COMBH"]
[PlyCount "64"]
[EventDate "2022.06.05"]
[EventType "swiss"]
[EventRounds "9"]
[EventCountry "GER"]
[SourceTitle "playchess.com"]
[Source "ChessBase"]
[SourceQuality "1"]
[TimeControl "40/4500+30:900+30"]

1. e4 c5 2. Nf3 Nc6 3. Bb5 g6 4. Bxc6 dxc6 5. h3 Bg7 6. d3 Nf6 7. Nbd2 O-O 8. O-O Qc7 9. a4 Rd8 10. Qe2 h6 11. Nc4 b5 12. Ne3 Nh5 13. Rd1 Nf4 14. Qd2 e5 15. Re1 c4 16. Qc3 cxd3 17. Qc5 dxc2 18. Qxc2 b4 19. Bd2 a5 20. Nc4 Ne6 21. Be3 Nd4 22. Qd1 c5 23. Nfd2 Be6 24. Rc1 Rd7 25. Bxd4 Rxd4 26. Qe2 Rad8 27. Nb3 Bxc4 28. Rxc4 Rxc4 29. Qxc4 Bf8 30. Rc1 Kg7 31. Nxc5 Bxc5 32. Qxc5 Rd1+ 0-1

[Event "GER-ch Youth-U12 2022"]
[Site "Willingen"]
[Date "2022.06.08"]
[Round "5.19"]
[White "Herrmann, Jakob"]
[Black "Wang, Arthur D"]
[Result "1/2-1/2"]
[ECO "C45"]
[WhiteElo "1737"]
[BlackElo "2090"]
[Annotator "TA"]
[PlyCount "80"]
[EventDate "2022.06.05"]
[EventType "swiss"]
[EventRounds "9"]
[EventCountry "GER"]
[SourceTitle "playchess.com"]
[Source "ChessBase"]
[SourceQuality "1"]
[TimeControl "40/4500+30:900+30"]

1. e4 e5 2. Nf3 Nc6 3. d4 exd4 4. Nxd4 Bc5 5. Be3 Qf6 6. c3 Nge7 7. Bc4 d6 8. O-O O-O 9. Nxc6 Nxc6 10. Bxc5 dxc5 11. Nd2 {[%emt 0:00:00] C45: Scotch Game.} Qg6 (11... Ne5 $11) 12. f4 $14 b6 13. Bd5 {[%emt 0:00:00] White is slightly better.} Bb7 {[%emt 0:00:53] [#]} 14. Nc4 $146 ({Predecessor:} 14. Qf3 Rad8 15. Rfd1 Na5 16. Bxb7 Nxb7 17. Nc4 Nd6 18. f5 Qg5 19. Nxd6 Rxd6 20. e5 {½-½ (40) Bednarska,M (2194)-Jadanowska,B (1873) Opole 2006}) 14... Ba6 15. Qa4 Bxc4 16. Qxc4 (16. Bxc4 $16 {Strongly threatening Bd5.} Na5 17. Be2) 16... Rad8 {[%emt 0:01:21] Prevents Bd5.} (16... Na5 $5 17. Qe2 c6 $11) 17. b4 (17. Qe2 $14) 17... Ne7 $11 18. bxc5 $2 (18. f5 $11 {and White is okay.} Qh5 19. b5 (19. bxc5 c6 $17)) 18... c6 $19 19. Rad1 (19. Bxf7+ {was worth a try.} Qxf7 20. Qxf7+ Kxf7 21. cxb6) 19... cxd5 20. exd5 bxc5 21. Qxc5 Qb6 22. Qxb6 axb6 23. c4 Nf5 {[%emt 0:00:20] And now ...Ne3 would win.} 24. Rb1 Ne3 25. Rfc1 Ra8 $2 (25... Rc8 $19 {Threatens to win with ...Rfd8.} 26. Kf2 Nxc4) 26. Rxb6 $2 (26. Rb3 $1 $15 Nf5 27. Rxb6) 26... Rxa2 27. d6 (27. g3 $142 Rg2+ 28. Kh1) 27... Rxg2+ 28. Kh1 Rg6 $2 (28... Rd2 $1 $19 {...Rc8 is the strong threat.} 29. c5 g6) 29. c5 $11 Ng4 30. Rb2 {[%emt 0:02:27] Prevents Nf2+.} h5 $2 {[%emt 0:12:09][%mdl 8192] [#]} (30... f5 $1 $14) 31. c6 $2 (31. Rd2 $1 $18) 31... Rxd6 32. c7 {[%emt 0:00:05] Hoping for Rb8.} Re6 {[%emt 0:01:51] [#]} (32... Rc8 $2 33. Rb8 Rdd8 34. cxd8=Q+ $18) (32... Rdd8 $1 $14) 33. Rb8 $1 $16 Ree8 (33... Nf2+ $2 34. Kg2 Nd3 35. Rxf8+ Kxf8 36. c8=Q+ $18) 34. Rcb1 ({White should play} 34. Rxe8 $16 Rxe8 35. c8=Q Rxc8 36. Rxc8+ Kh7 37. Kg2) 34... Kh7 $1 $14 35. Rxe8 Rxe8 {[%emt 0:00:12] KRN-KR} 36. Rb8 {[%emt 0:00:16] Prevents Rc8.} Re1+ (36... Nf2+ $2 37. Kg2 Rxb8 38. cxb8=Q $18) 37. Kg2 Re2+ 38. Kg3 Rc2 (38... Re3+ $1 $14 39. Kh4 Rc3) 39. c8=Q $16 Rxc8 40. Rxc8 Nf6 {[%emt 0:02:06] Whites escaped into a draw.  Weighted Error Value: White=0.57/Black=0.42} 1/2-1/2

[Event "GER-ch Youth-U12 2022"]
[Site "Willingen"]
[Date "2022.06.08"]
[Round "5.20"]
[White "Goldkuhle, Collin"]
[Black "Burkart, Lloyd Shang"]
[Result "1/2-1/2"]
[ECO "B23"]
[WhiteElo "1323"]
[BlackElo "1559"]
[Annotator "NA RC COMBH"]
[PlyCount "59"]
[EventDate "2022.06.05"]
[EventType "swiss"]
[EventRounds "9"]
[EventCountry "GER"]
[SourceTitle "playchess.com"]
[Source "ChessBase"]
[SourceQuality "1"]
[TimeControl "40/4500+30:900+30"]

1. e4 c5 2. Nc3 Nc6 3. f4 g6 4. Nf3 Bg7 5. Bb5 Nd4 6. O-O a6 7. Bc4 b5 8. Bd5 Ra7 9. e5 Bb7 10. Bxb7 Rxb7 11. Ne4 Rc7 12. d3 Nh6 13. c3 Nxf3+ 14. Qxf3 d6 15. Bd2 O-O 16. a4 Qd7 17. axb5 axb5 18. Ra6 dxe5 19. fxe5 Ng4 20. Qg3 Bxe5 21. Qh4 h5 22. h3 Qxd3 23. hxg4 Qxe4 24. Bh6 Bg7 25. Bf4 e5 26. Bd2 Qxg4 27. Qf2 Qd7 28. Bg5 Rc6 29. Rxc6 Qxc6 30. Be7 1/2-1/2

[Event "GER-ch Youth-U12 2022"]
[Site "Willingen"]
[Date "2022.06.08"]
[Round "5.21"]
[White "Limmer, Marco"]
[Black "Bangert, Jonas"]
[Result "0-1"]
[ECO "B32"]
[WhiteElo "1825"]
[BlackElo "1483"]
[Annotator "NA RC COMBH"]
[PlyCount "42"]
[EventDate "2022.06.05"]
[EventType "swiss"]
[EventRounds "9"]
[EventCountry "GER"]
[SourceTitle "playchess.com"]
[Source "ChessBase"]
[SourceQuality "1"]
[TimeControl "40/4500+30:900+30"]

1. e4 c5 2. Nf3 Nc6 3. d4 cxd4 4. Nxd4 e5 5. Nb5 a6 6. Nd6+ Bxd6 7. Qxd6 Qf6 8. Qd1 Qg6 9. Nc3 d5 10. Nxd5 Qxe4+ 11. Be3 Nd4 12. Nc7+ Ke7 13. Rc1 Bg4 14. Qd3 Qxd3 15. Bxd3 Rd8 16. Bc4 Nxc2+ 17. Kf1 Nxe3+ 18. fxe3 Nf6 19. h3 Bf5 20. Ke2 Be4 21. Kf2 Rd2+ 0-1

[Event "GER-ch Youth-U12 2022"]
[Site "Willingen"]
[Date "2022.06.08"]
[Round "5.22"]
[White "Agirretxe San Sebastian, Jesus M"]
[Black "Büchel, David"]
[Result "0-1"]
[ECO "E61"]
[WhiteElo "2117"]
[BlackElo "1527"]
[Annotator "TA"]
[PlyCount "57"]
[EventDate "2022.06.05"]
[EventType "swiss"]
[EventRounds "9"]
[EventCountry "GER"]
[SourceTitle "playchess.com"]
[Source "ChessBase"]
[SourceQuality "1"]
[TimeControl "40/4500+30:900+30"]

1. d4 Nf6 2. c4 g6 3. Nc3 Bg7 4. Nf3 O-O 5. Bg5 d6 6. e3 Nbd7 7. Be2 e5 {[%emt 0:00:00] is now debated instead of 7...c6.} 8. dxe5 dxe5 9. Qc2 {[%emt 0:00:00] E61: King's Indian: Early deviations for White, including Smyslov System.} h6 10. Bh4 g5 11. Bg3 {[%emt 0:00:00] White is slightly better.} Qe7 12. Nd2 c6 13. O-O Ne8 14. Rab1 f5 15. f3 {[%emt 0:00:15] [#]} Ndf6 $146 ({Predecessor:} 15... a5 16. a3 Nc7 17. Bf2 Ne6 18. b4 axb4 19. axb4 f4 20. c5 fxe3 21. Bxe3 Nd4 {0-1 (30) Orsag,M (2405)-Movsesian,S (2640) Pribram 1998}) 16. b4 h5 17. f4 ({White should try} 17. e4 $14) 17... exf4 18. exf4 Ng4 19. Bxg4 {[%emt 0:00:35] [#] Rfe1 is the strong threat.} Qe3+ 20. Rf2 $2 (20. Bf2 $11 Qxc3 21. Bd1) 20... fxg4 $17 ({Reject} 20... hxg4 $6 21. Ne2 $11) 21. Nd1 Qe7 {[%emt 0:06:52] Black is more active.} 22. Nb3 $2 {[%emt 0:02:30][%mdl 8192] White does not recover from this.} (22. fxg5 $17 Bd4 23. c5 Qxg5 24. Qb3+ Kg7 25. Qd3 Bxf2+ 26. Nxf2) 22... Bf5 $19 {[%emt 0:01:55] Black is clearly winning.} 23. Qc1 Bxb1 24. Qxb1 h4 25. f5 hxg3 26. hxg3 Qe1+ 27. Rf1 Qxg3 {[%emt 0:00:13] aiming for ...Be5.} 28. Qe4 Nf6 29. Nd4 {[%emt 0:00:49] Weighted Error Value: White=0.99/Black=0.30} 0-1

[Event "GER-ch Youth-U12 2022"]
[Site "Willingen"]
[Date "2022.06.08"]
[Round "5.23"]
[White "Xu, Wanghan"]
[Black "Nguyen, Bach Khoi"]
[Result "0-1"]
[ECO "C55"]
[WhiteElo "1419"]
[BlackElo "1261"]
[Annotator "NA RC COMBH"]
[PlyCount "108"]
[EventDate "2022.06.05"]
[EventType "swiss"]
[EventRounds "9"]
[EventCountry "GER"]
[SourceTitle "playchess.com"]
[Source "ChessBase"]
[SourceQuality "1"]
[TimeControl "40/4500+30:900+30"]

1. e4 e5 2. Nf3 Nc6 3. Nc3 Nf6 4. Bc4 Nxe4 5. Bxf7+ Kxf7 6. Nxe4 d5 7. Ng3 e4 8. Ng1 Bc5 9. N1e2 Bg4 10. h3 Bxe2 11. Nxe2 d4 12. Ng3 Qd5 13. O-O d3 14. c3 Rhf8 15. Nxe4 Bb6 16. Qf3+ Ke7 17. Qg4 Kf7 18. Ng5+ Kg8 19. Qe6+ Qxe6 20. Nxe6 Rfe8 21. Nf4 Rad8 22. b4 Re4 23. Nh5 Rf8 24. Ba3 Re2 25. b5 Rfxf2 26. Rxf2 Bxf2+ 27. Kf1 Ne5 28. Rd1 Nc4 29. Nf4 Nxd2+ 30. Rxd2 Rxd2 31. Nxd3 Rxd3 32. Kxf2 Rxc3 33. Bb4 Rc2+ 34. Kf3 Rxa2 35. Bc5 Ra5 36. Ke4 Rxb5 37. Bxa7 b6 38. Bb8 Rc5 39. Ba7 Kf7 40. g4 Ke7 41. h4 Kd7 42. h5 Ra5 43. Bb8 Kc8 44. Bxc7 Kxc7 45. Kf4 Rc5 46. g5 b5 47. g6 h6 48. Kg4 b4 49. Kh4 b3 50. Kg4 b2 51. Kh4 b1=Q 52. Kg4 Qe4+ 53. Kg3 Rg5+ 54. Kh3 Qh1# 0-1